 Dungeon Crawl Stone Soup version 0.32-a0-616-g9348d4545b (webtiles) character file.

Game seed: 5207021189659643329

3704548 Implojin the Cutthroat (level 27, 231/231 HPs)
             Began as a Coglin Monk on Mar 5, 2024.
             Was a High Priest of Okawaru.
             Escaped with the Orb
             ... and 5 runes
             ... and 2 gems (both intact)!
             The game lasted 02:56:07 (60803 turns).

Implojin the Cutthroat (Coglin Monk)               Turns: 60803, Time: 02:56:07

Health: 231/231    AC: 29    Str: 18    XL:     27
Magic:  32/32      EV: 31    Int:  9    God:    Okawaru [*****.]
Gold:   4512       SH:  0    Dex: 29    Spells: 26/26 levels left

rFire   + + +        o - +9 rapier (speed) {Zorana}
rCold   + . .        G - +10 rapier "Acraeng" {flame, rF+ rN+}
rNeg    + . .        b - +5 ring mail of the Dungeon {rF++ Regen+ Str+2 Int-2}
rPois   .            p - +2 hat
rElec   +            X - +4 cloak "Geasch" {+Inv rC+ Regen+}
rCorr   .            W - +1 pair of gloves "Yhotsuf" {Harm Will+ Str+4 Slay+3}
SInv    .            u - +2 pair of boots {rampage}
Will    +++..        (amulet unavailable)
Stlth   +++          (ring unavailable)
HPRegen 2.18/turn    (ring unavailable)
MPRegen 0.23/turn    j - hyperablative module {rElec Slay+3 Clar RMsl}

%: harm (+30% outgoing, +20% incoming), repel missiles, clarity, rampage
@: studying 3 skills
A: off-hand wielding, slow wielding, warmup strikes, no jewellery, horns 1,
subdued magic 1
0: Orb of Zot
}: 5/15 runes: barnacled, slimy, silver, abyssal, gossamer
a: Renounce Religion, Evoke Invisibility, Heroism, Finesse, Duel


You escaped.
You worshipped Okawaru.
Okawaru was extremely pleased with you.
You visited 10 branches of the dungeon, and saw 52 of its levels.
You visited the Abyss 1 time.
You visited 2 bazaars.
You also visited: Trove, Bailey and Gauntlet.

You collected 8845 gold pieces.
You spent 4333 gold pieces at shops.

Inventory:

Hand Weapons
 a - a +5 rapier of flaming
 l - a +7 rapier of speed {Seojun}
 o - a +9 rapier of speed (weapon) {Zorana}
 G - the +10 rapier "Acraeng" (offhand) {flame, rF+ rN+}
   (Okawaru gifted it to you on level 11 of the Dungeon)

   rF+:       It protects you from fire.
   rN+:       It protects you from negative energy.
 Z - a +4 demon blade of chaos
Missiles
 i - 2 datura-tipped darts
 k - 7 darts of dispersal
 q - 42 boomerangs (quivered)
 w - 7 throwing nets
 J - 35 atropa-tipped darts
 L - 21 silver javelins
 T - 52 javelins
 U - 5 curare-tipped darts
Armour
 b - the +5 ring mail of the Dungeon (worn) {rF++ Regen+ Str+2 Int-2}
   (Okawaru gifted it to you on level 11 of the Dungeon)

   Str+2:     It affects your strength (+2).
   Int-2:     It affects your intelligence (-2).
   rF++:      It greatly protects you from fire.
   Regen+:    It increases your rate of health regeneration.
 n - a +1 helmet
 p - a +2 hat (worn)
 u - a +2 pair of boots of rampaging (worn)
 P - the +0 pair of gloves of Hadjma {rF+ rC+ rCorr}
   (You found it on level 2 of the Vaults)

   rF+:       It protects you from fire.
   rC+:       It protects you from cold.
   rCorr:     It protects you from acid and corrosion.
 W - the +1 pair of gloves "Yhotsuf" (worn) {Harm Will+ Str+4 Slay+3}
   (You bought it in a shop on level 1 of the Shoals)

   Str+4:     It affects your strength (+4).
   Slay+3:    It affects your accuracy & damage with ranged weapons and melee
   (+3).
   Will+:     It increases your willpower.
   Harm:      It increases damage dealt and taken.
 X - the +4 cloak "Geasch" (worn) {+Inv rC+ Regen+}
   (You bought it in a shop on level 1 of the Shoals)

   rC+:       It protects you from cold.
   +Inv:      It lets you turn invisible.
   Regen+:    It increases your rate of health regeneration.
Gizmo
 j - a hyperablative module (installed) {rElec Slay+3 Clar RMsl}
   (You invented it yourself on level 2 of the Lair of Beasts)

   [hyperablative module]

   Slay+3:    It affects your accuracy & damage with ranged weapons and melee
   (+3).
   rElec:     It insulates you from electricity.
   Clar:      It protects you from confusion, rage, mesmerisation and fear.
   RMsl:      It protects you from missiles.
Wands
 y - a wand of roots (19)
 D - a wand of quicksilver (28)
 F - a wand of digging (6)
Scrolls
 d - 3 scrolls of enchant armour
 f - 2 scrolls of enchant weapon
 s - 10 scrolls of vulnerability
 x - 9 scrolls of blinking
 z - 11 scrolls of fog
 C - a scroll of silence
 E - 27 scrolls of teleportation
 I - 4 scrolls of fear
 M - 13 scrolls of immolation
Potions
 c - 8 potions of ambrosia
 e - 5 potions of berserk rage
 g - 15 potions of haste
 h - 7 potions of cancellation
 r - 6 potions of might
 t - 10 potions of mutation
 v - 22 potions of curing
 A - 8 potions of invisibility
 B - 10 potions of enlightenment
 H - 5 potions of heal wounds
 N - 8 potions of resistance
 O - 7 potions of magic
 R - 2 potions of attraction
Miscellaneous
 Q - a lightning rod (4/4)
 Y - a phial of floods


   Skills:
 - Level 22.0 Fighting
 * Level 23.7 Short Blades
 - Level 8.0 Throwing
 - Level 20.0 Armour
 - Level 20.0 Dodging
 - Level 20.0 Stealth
 - Level 12.0 Invocations
 - Level 6.0 Evocations


You had 26 spell levels left.
You didn't know any spells.
Your spell library contained the following spells:

 Spells                   Type           Power      Damage    Failure   Level
 Apportation              Tloc           0%         N/A       45%         1
 Foxfire                  Conj/Fire      0%         2x1d4     45%         1
 Kiss of Death            Conj/Necr      0%         2d5       45%         1
 Magic Dart               Conj           0%         1d3       45%         1
 Necrotise                Necr           0%         1d4       45%         1
 Sting                    Conj/Alch      0%         1d3       45%         1
 Blink                    Tloc           0%         N/A       58%         2
 Cigotuvi's Dreadful Rot  Necr/Alch/Air  0%         N/A       58%         2
 Jinxbite                 Hex            0%         N/A       58%         2
 Lesser Beckoning         Tloc           0%         N/A       58%         2
 Mercury Vapours          Alch/Air       0%         N/A       58%         2
 Sublimation of Blood     Necr           0%         N/A       58%         2
 Confusing Touch          Hex            0%         N/A       83%         3
 Dazzling Flash           Conj/Hex       0%         N/A       83%         3
 Fugue of the Fallen      Necr           0%         N/A       83%         3
 Gell's Gravitas          Tloc           0%         N/A       83%         3
 Hailstorm                Conj/Ice       0%         3d5       83%         3
 Inner Flame              Hex/Fire       0%         N/A       83%         3
 Mephitic Cloud           Conj/Alch/Air  0%         N/A       83%         3
 Ozocubu's Armour         Ice            0%         N/A       83%         3
 Stone Arrow              Conj/Erth      0%         3d7       83%         3
 Teleport Other           Tloc           0%         N/A       83%         3
 Dimensional Bullseye     Hex/Tloc       0%         N/A       99%         4
 Dispel Undead            Necr           0%         3d6       99%         4
 Fulminant Prism          Conj/Alch      0%         3d5       99%         4
 Ignite Poison            Fire/Alch      0%         N/A       99%         4
 Leda's Liquefaction      Alch/Erth      0%         N/A       99%         4
 Manifold Assault         Tloc           0%         N/A       99%         4
 Passage of Golubria      Tloc           0%         N/A       99%         4
 Petrify                  Alch/Erth      0%         N/A       99%         4
 Sticky Flame             Fire/Alch      0%         2d4       99%         4
 Alistair's Intoxication  Alch           0%         N/A       100%        5
 Freezing Cloud           Conj/Ice/Air   0%         6-21      100%        5
 Irradiate                Conj/Alch      0%         3d11      100%        5
 Lee's Rapid Deconstruct  Erth           0%         3d4*      100%        5
 Yara's Violent Unravell  Hex/Alch       0%         3d3       100%        5
 Bombard                  Conj/Erth      0%         9d1       100%        6
 Conjure Ball Lightning   Conj/Air       0%         3x3d6     100%        6
 Dispersal                Tloc           0%         N/A       100%        6
 Plasma Beam              Fire/Air       0%         2x1d10    100%        6
 Starburst                Conj/Fire      0%         6d3       100%        6
 Enfeeble                 Hex            0%         N/A       100%        7
 Ozocubu's Refrigeration  Ice            0%         4d7       100%        7
 Discord                  Hex            0%         N/A       100%        8
 Disjunction              Tloc           0%         N/A       100%        8
 Ignition                 Fire           0%         3d3       100%        8
 Lehudib's Crystal Spear  Conj/Erth      0%         10d2      100%        8
 Chain Lightning          Conj/Air       0%         N/A       100%        9
 Fire Storm               Conj/Fire      0%         5d1       100%        9
 Polar Vortex             Ice            0%         N/A       100%        9
 Shatter                  Erth           0%         3d5*      100%        9
 Summon Small Mammal      Summ           Unusable   N/A       N/A         1
 Call Imp                 Summ           Unusable   N/A       N/A         2
 Summon Ice Beast         Ice/Summ       Unusable   N/A       N/A         3
 Animate Armour           Summ/Erth      Unusable   N/A       N/A         4
 Martyr's Knell           Necr/Summ      Unusable   N/A       N/A         4
 Summon Lightning Spire   Summ/Air       Unusable   N/A       N/A         4
 Death Channel            Necr           Unusable   N/A       N/A         6
 Sculpt Simulacrum        Ice/Alch       Unusable   N/A       N/A         6
 Spellforged Servitor     Conj/Summ      Unusable   N/A       N/A         7

Dungeon Overview and Level Annotations

Branches:
Dungeon (15/15)            Temple (0/1) D:4            Lair (5/5) D:8
 Shoals (4/4) Lair:2       Spider (4/4) Lair:2        Slime (5/5) Lair:4
    Orc (2/2) D:12            Elf (3/3) Orc:2        Vaults (5/5) D:14
  Crypt (0/3) Vaults:3     Depths (4/4) D:15            Zot (5/5) Depths:4
 Bailey (visited)         Gauntlet (visited)

Altars:
Cheibriados
Gozag
Kikubaaqudgha
Okawaru
Ru
Sif Muna
Trog
Vehumet
Xom
Yredelemnul
Jiyva
Lugonu

Shops:
D:14 *   Orc:1 *   Orc:2 ?:[*::   Shoals:1 [   Shoals:3 (   Vaults:1 [
Vaults:2 ?

Portals:
Hell: Depths:1 Depths:2 Depths:3 Depths:4
Abyss: D:4 Depths:3
Pandemonium: Depths:2 Depths:3 Depths:4
Ziggurat: Depths:4

Annotations:
D:4 2 transporters, HilariousDeathArtist's ghost, novice BaSh


Innate Abilities, Weirdness & Mutations

You can wield a second weapon in your off-hand.
It takes a long time for you to wield or remove held weapons.
Your first few attacks do less damage.
You cannot equip rings or amulets.
You have a pair of small horns on your head.
Your spells are a little easier to cast, but a little less powerful.


Message History

The Hell Sentinel gestures at you. The iron shot hits you.
You hit the Hell Sentinel with the +10 rapier "Acraeng".
You headbutt the Hell Sentinel, but do no damage.
The Hell Sentinel is almost dead.
You hit the Hell Sentinel but do no damage.
You hit the Hell Sentinel but do no damage.
You headbutt the Hell Sentinel, but do no damage.
The Hell Sentinel is almost dead.
You puncture the Hell Sentinel with the +10 rapier "Acraeng"!
You kill the Hell Sentinel!
Okawaru accepts your kill.
(D) Dungeon (T) Temple (L) Lair (A) Shoals (N) Spider Nest (M) Slime Pits (O) Orcish Mines (E) Elven Halls (V) Vaults (C) Crypt (U) Depths (H) Hell (Z) Zot
Where to? (Tab/Enter - D:1 @ (x,y), ? - help)
You see here a bat skeleton.
There is a stone staircase leading up here.
You climb upwards.
There is a stone staircase leading down here.
A hellwing comes into view.
You rampage towards the hellwing!
You hit the hellwing with your +9 rapier of speed.
You headbutt the hellwing, but do no damage.
The hellwing is lightly wounded.
You hit the hellwing but do no damage.
You impale the hellwing with the +10 rapier "Acraeng"!!
You burn the hellwing.
The hellwing is severely wounded.
You puncture the hellwing with your +9 rapier of speed!
You kill the hellwing!
Okawaru accepts your kill.
(D) Dungeon (T) Temple (L) Lair (A) Shoals (N) Spider Nest (M) Slime Pits (O) Orcish Mines (E) Elven Halls (V) Vaults (C) Crypt (U) Depths (H) Hell (Z) Zot
Where to? (Tab/Enter - D:1 @ (x,y), ? - help)
There is a staircase leading out of the dungeon here.
You have escaped!

#.........#######..###.#.#####
###.#..###....................
#.#.########################
#.#.#.......................
#.#.#..............[........
#.#.#...##...####...#####...
#)#.#...##...# #...# #...
#.#.#........####...# #...
#.#.#......@.......(#####...
#.>.#.......................
#...#...#######......รท......
#.#.#...# #...#####.....
##.#.#...# #...# #...##
#..#.#...# #...# #...#
#.##.#...#######...#####...##
#....#.......................
#....#.......................


There were no monsters in sight!

Vanquished Creatures
  the Royal Jelly (Slime:5)
  12 dread liches
  4 ancient liches (Zot:5)
  2 orbs of fire (Zot:5)
  A juggernaut (Depths:3)
  The ghost of cordlesssteve the Slayer, a legendary MiHu of Hepliaklqana (Zot:5)
  The ghost of Herr the Hoplite, a veteran MiBe of Trog (Zot:3)
  Saint Roka (Vaults:2)
  4 Killer Klowns
  the Enchantress (Depths:3)
  Nikola (Spider:3)
  10 golden dragons
  A bone dragon (Depths:4)
  A profane servitor (D:10)
  The ghost of Yhagabbo the Devastator, an adept DrCj of Sif Muna (Vaults:4)
  4 electric golems
  Zenata (Elf:2)
  A Hell Sentinel (D:2)
  2 liches
  25 Orb Guardians (Zot:5)
  Asterion (Spider:4)
  13 tentacled monstrosities
  8 titans
  2 deep elf master archers (Elf:3)
  7 sphinxes
  10 acid blobs
  5 deep elf blademasters
  6 death cobs
  9 quicksilver dragons
  2 Executioners
  Agnes (Spider:4)
  4 tentacled starspawn
  A kraken (Shoals:1)
  Donald (Spider:1)
  17 storm dragons
  Kirke (Lair:3)
  14 shadow dragons
  Aizul (Spider:4)
  10 tengu reavers
  15 fire giants
  10 rockslimes
  A nagaraja (Abyss:3)
  8 azure jellies (Slime:5)
  3 draconian shifters
  8 draconian monks
  6 protean progenitors
  Louise (Spider:1)
  10 frost giants
  22 vault wardens
  3 draconian knights
  The ghost of Weulukh the Fighter, an adept GrEE of Okawaru (Shoals:3)
  An iron dragon (Zot:2)
  A deep elf elementalist (Elf:3)
  2 draconian scorchers (Zot:2)
  8 emperor scorpions
  9 deep elf sorcerers
  11 ghost moths
  13 quicksilver oozes
  23 ironbound preservers
  2 balrugs
  2 angels
  2 draconian stormcallers
  15 very ugly things
  A curse skull (Vaults:3)
  6 orc warlords
  A cacodemon (Depths:3)
  6 draconian annihilators
  A broodmother (Spider:1)
  7 spriggan defenders
  A formless jellyfish (Vaults:4)
  21 stone giants
  2 vampire knights (Zot:3)
  7 ironbound thunderhulks
  15 dire elephants
  The ghost of Feodghui the Fighter, a journeyman OnSh of Wu Jian (Lair:2)
  9 deep elf death magi
  6 black draconians
  5 green draconians
  4 deep elf annihilators
  A lorocyproca (Depths:3)
  The ghost of jboons the Spear-Bearer, a journeyman MfFi of Beogh (Lair:4)
  5 deep elf demonologists
  4 war gargoyles
  A minotaur (Gauntlet)
  14 spark wasps
  5 red draconians
  9 yellow draconians
  A green death (Depths:4)
  24 purple draconians
  2 white draconians (Zot:4)
  Snorg (Lair:3)
  6 merfolk impalers
  9 ettins
  7 deep elf high priests
  2 entropy weavers
  3 jiangshi (Depths:2)
  12 fire dragons
  8 merfolk javelineers
  35 vault guards
  11 ice dragons
  13 ironbound frosthearts
  A hell beast (Depths:4)
  6 hydras
  16 yaktaur captains
  9 great orbs of eyes
  A sphinx zombie (Depths:3)
  The ghost of jasper the Mimic, a journeyman DsSh of Wu Jian (D:11)
  5 rakshasas
  4 spriggan air magi
  2 catoblepae
  5 ogre magi
  4 alligator snapping turtles
  8 centaur warriors
  2 peacekeepers
  3 radroaches
  2 jorogumos
  5 boulder beetles
  A death knight (Vaults:3)
  9 death yaks
  3 merfolk avatars
  31 dancing weapons
  7 merfolk aquamancers (Shoals:4)
  9 deep troll shamans
  3 two-headed ogres
  3 satyrs
  A sphinx skeleton (Vaults:3)
  5 tengu warriors
  6 demonic crawlers
  5 deep troll earth magi
  A hell hog (Abyss:2)
  3 vampire magi (Depths:2)
  A naga warrior (Vaults:4)
  5 orc high priests
  23 hell knights
  7 spriggan berserkers
  5 thrashing horrors
  An occultist (Depths:2)
  A soul eater (Depths:4)
  20 deep elf knights
  4 sun demons
  A titan skeleton (Vaults:3)
  5 skeletal warriors (D:13)
  9 skysharks
  2 wretched stars
  6 pharaoh ants
  3 goliath frogs
  4 iron trolls
  A sixfirhy (Depths:4)
  A storm dragon skeleton (Vaults:3)
  63 deep trolls
  2 glowing orange brains
  6 flayed ghosts
  2 shadow demons
  12 orb spiders
  10 sea snakes
  15 deep elf archers
  A sun moth (shapeshifter) (D:11)
  A mana viper (shapeshifter) (Depths:3)
  8 arcanists
  Pikel (D:5)
  37 harpies
  7 lindwurms
  29 deep elf pyromancers
  20 ironbound convokers
  3 thermic dynamos (Elf:1)
  4 steelbarb worms
  13 necromancers
  22 deep elf zephyrmancers
  20 wolf spiders
  A will-o-the-wisp (Abyss:3)
  43 ugly things
  3 oklob plants (Lair:4)
  7 orc knights
  6 orc sorcerers
  15 manticores
  8 fauns
  A shining eye (Shoals:3)
  A shadow dragon zombie (Vaults:3)
  27 moths of wrath
  22 elephants
  8 starcursed masses
  5 cyclopes
  7 merfolk sirens
  A worldbinder (Abyss:3)
  9 meliai
  2 black mambas
  An apocalypse crab (Abyss:3)
  13 vault sentinels
  4 water nymphs (Shoals:4)
  4 kobold blastminers
  A torpor snail (shapeshifter) (Vaults:5)
  Joseph (D:9)
  6 torpor snails
  A rust devil (Gauntlet)
  7 smoke demons
  14 cane toads
  A titan simulacrum (Depths:3)
  An eye of devastation (Slime:5)
  2 water nymphs (shapeshifter)
  Jeremiah (D:9)
  4 gargoyles
  An orange demon (D:13)
  7 large abominations
  2 hellions
  A yaktaur zombie (Vaults:3)
  2 efreet
  2 rime drakes (shapeshifter)
  A tengu conjurer (Depths:2)
  8 rime drakes
  A tormentor (Depths:2)
  32 yaktaurs
  2 kobold demonologists
  17 merfolk
  8 komodo dragons
  2 ancient zymes (Abyss:3)
  A golden dragon simulacrum (Depths:3)
  11 trolls
  A queen bee (D:12)
  4 polar bears (Lair:5)
  6 wind drakes
  A hellwing (D:1)
  10 hornets
  5 glass eyes
  38 tarantellas
  A raiju (Abyss:3)
  8 blink frogs
  A frost giant simulacrum (Depths:3)
  7 snapping turtles
  6 dream sheep
  2 glass eyes (shapeshifter)
  A jumping spider (shapeshifter) (D:15)
  Sigmund (D:3)
  96 slime creatures
  24 jumping spiders
  An air elemental (Elf:3)
  15 culicivoras
  23 spriggans
  3 vampires
  A shadow (D:9)
  3 ynoxinuls
  A wraith (D:13)
  4 wyverns
  2 humans (Lair:3)
  22 water elementals
  47 yaks
  3 fire elementals
  4 basilisks
  A golden eye (shapeshifter) (Elf:2)
  5 small abominations
  2 yaks (shapeshifter)
  6 golden eyes (Slime:5)
  2 neqoxecs
  A warg (Orc:2)
  4 vampire mosquitoes (D:12)
  5 hogs (Lair:3)
  58 redbacks
  2 steam dragons
  A redback simulacrum (D:14)
  2 swamp worms (shapeshifter)
  A catoblepas simulacrum (Lair:4)
  A chaos spawn (D:13)
  3 acid dragons
  14 water moccasins
  Edmund (D:5)
  A culicivora (shapeshifter) (Vaults:5)
  3 ice beasts
  A swamp drake (Orc:2)
  4 black bears
  A meliai simulacrum (D:12)
  A black bear (shapeshifter) (D:13)
  2 boulder beetle simulacra (Lair:4)
  7 laughing skulls
  23 orc warriors
  26 wolves
  2 boggarts (Lair:5)
  A lemure (D:5)
  19 centaurs
  3 phantoms
  7 kobold brigands
  A weeping skull (D:4)
  21 bullfrogs
  3 gnoll sergeants
  A scorpion (shapeshifter) (Vaults:5)
  5 earth elementals
  3 scorpions
  A brain worm (Abyss:1)
  5 wights
  An elephant simulacrum (Lair:4)
  48 killer bees
  3 electric eels
  5 howler monkeys
  A crimson imp (Orc:2)
  3 bombardier beetles
  A fire crab simulacrum (Lair:4)
  A komodo dragon simulacrum (Lair:4)
  A quasit (Abyss:3)
  3 gnoll boudas
  32 orc priests
  3 sleepcaps (D:7)
  6 hounds
  8 iron imps
  Jessica (D:3)
  Natasha (thrice) (D:3)
  2 iguanas
  6 hell rats (Lair:4)
  49 orc wizards
  35 gnolls
  8 adders
  2 shadow imps
  3 white imps
  4 ufetubi
  A ribbon worm (D:3)
  108 orcs
  7 bats
  18 endoplasms
  8 giant cockroaches
  15 goblins
  8 hobgoblins
  2 jackals (D:3)
  31 kobolds
  6 quokkas
  6 ball pythons
  4 frilled lizards
  9 rats
  A spectral orc (D:4)
  2 aspiring fleshes (Zot:1)
  5 tentacles (Shoals:1)
2544 creatures vanquished.

Vanquished Creatures (others)
  A deep troll shaman (Depths:4)
  A wolf spider (Spider:1)
  A meliai (D:12)
  2 spriggans (Depths:3)
  A small abomination (Abyss:3)
  A water elemental (Elf:1)
  An ogre (Orc:2)
  3 orcs (Orc:2)
  A lurking horror (Abyss:3)
  4 starspawn tentacles (Abyss:3)
  3 tentacles (Shoals:1)
19 creatures vanquished.

Grand Total: 2563 creatures vanquished

Notes
Turn   | Place    | Note
-------+----------+-------------------------------------------
     0 | D:1      | Implojin the Coglin Monk began the quest for the Orb.
     0 | D:1      | Reached XP level 1. HP: 18/18 MP: 1/1
    68 | D:1      | Reached skill level 3 in Short Blades
    78 | D:1      | Reached XP level 2. HP: 3/24 MP: 2/2
   575 | D:1      | Reached XP level 3. HP: 29/29 MP: 3/3
  1043 | D:2      | Reached skill level 4 in Short Blades
  1251 | D:2      | Found an iron altar of Okawaru.
  1264 | D:2      | Became a worshipper of Warmaster Okawaru
  1264 | D:2      | Reached * piety under Okawaru
  1264 | D:2      | Reached ** piety under Okawaru
  1333 | D:2      | Noticed a phantom
  1351 | D:2      | Killed a phantom
  1352 | D:2      | Reached XP level 4. HP: 18/37 MP: 4/4
  1352 | D:2      | Reached XP level 5. HP: 20/42 MP: 5/5
  1648 | D:3      | Reached skill level 5 in Short Blades
  1769 | D:3      | Noticed Jessica
  1775 | D:3      | Killed Jessica
  1776 | D:3      | Reached XP level 6. HP: 47/48 MP: 6/6
  1872 | D:3      | You fall into a shaft and drop 2 floors!
  1872 | D:5      | Entered Level 5 of the Dungeon
  2067 | D:5      | Noticed Pikel
  2112 | D:5      | Noticed Edmund
  2133 | D:5      | Reached skill level 6 in Short Blades
  2211 | D:5      | Killed Pikel
  2211 | D:5      | Reached *** piety under Okawaru
  2212 | D:5      | Reached XP level 7. HP: 48/54 MP: 4/7
  2264 | D:5      | Reached XP level 8. HP: 39/60 MP: 8/8
  2351 | D:5      | Killed Edmund
  2635 | D:5      | Reached skill level 7 in Short Blades
  2702 | D:4      | Found a basalt altar of Yredelemnul.
  2902 | D:3      | Noticed Natasha
  2913 | D:3      | Killed Natasha
  2938 | D:3      | Noticed Sigmund
  2940 | D:3      | Noticed Natasha
  2946 | D:3      | Killed Sigmund
  2946 | D:3      | Reached **** piety under Okawaru
  2947 | D:3      | Reached skill level 8 in Short Blades
  2957 | D:3      | Killed Natasha
  3036 | D:3      | Noticed Natasha
  3045 | D:3      | Killed Natasha
  3303 | D:3      | Reached skill level 5 in Fighting
  3822 | D:4      | Reached XP level 9. HP: 51/68 MP: 9/9
  4148 | D:4      | Found a transporter.
  4182 | D:4      | Noticed an ancient zyme
  4184 | D:4      | Noticed HilariousDeathArtist's ghost (novice BaSh)
  4201 | D:4      | Found a staircase to the Ecumenical Temple.
  4216 | D:4      | Found a transporter.
  4219 | D:4      | Identified the scarf of Wisdom {harm, Str+3}
  4259 | D:4      | Found a one-way gate to the infinite horrors of the Abyss.
  4418 | D:4      | Found a shimmering blue altar of Sif Muna.
  4928 | D:6      | Found a sacrificial altar of Ru.
  5273 | D:6      | Reached skill level 9 in Short Blades
  6185 | D:7      | Reached skill level 10 in Short Blades
  6208 | D:7      | Reached ***** piety under Okawaru
  6517 | D:7      | Noticed a troll
  6553 | D:7      | Killed a troll
  6554 | D:7      | Reached skill level 5 in Stealth
  6554 | D:7      | Reached XP level 10. HP: 36/76 MP: 8/10
  7241 | D:7      | Found a bloodstained altar of Trog.
  8286 | D:8      | Received a gift from Okawaru
  8499 | D:8      | Found a staircase to the Lair.
  8810 | D:8      | Found a snail-covered altar of Cheibriados.
  9054 | D:9      | Noticed Jeremiah
  9159 | D:9      | Noticed a two-headed ogre
  9169 | D:9      | Killed a two-headed ogre
  9170 | D:9      | Reached skill level 10 in Fighting
  9311 | D:9      | Noticed Joseph
  9329 | D:9      | Killed Joseph
  9330 | D:9      | Reached XP level 11. HP: 63/90 MP: 11/11
  9371 | D:9      | Killed Jeremiah
  9372 | D:9      | Reached skill level 5 in Dodging
  9544 | D:9      | Noticed a two-headed ogre
  9560 | D:9      | Killed a two-headed ogre
  9614 | D:9      | Noticed Erolcha
  9622 | D:10     | Entered Level 10 of the Dungeon
  9624 | D:10     | Noticed a cyclops
  9646 | D:10     | Killed a cyclops
  9871 | D:10     | Received a gift from Okawaru
  9899 | D:10     | Reached skill level 1 in Throwing
  9921 | D:10     | Found a flagged portal.
  9935 | Bailey   | Entered a bailey
 11393 | D:11     | Found a runed translucent gate.
 11394 | D:11     | Found a runed translucent gate.
 11406 | D:11     | Found an opulent altar of Gozag.
 11407 | D:11     | Found a runed translucent gate.
 11410 | D:11     | Noticed jasper's ghost (journeyman DsSh)
 11410 | D:11     | Noticed a cyclops
 11413 | D:11     | a cyclops changed into a fire crab
 11413 | D:11     | Noticed a fire crab (glowing shapeshifter)
 11476 | D:11     | Noticed a fire crab
 11477 | D:11     | a fire crab changed into a swamp worm
 11482 | D:11     | a glass eye changed into a sun moth
 11482 | D:11     | Noticed a sun moth (glowing shapeshifter)
 11484 | D:11     | a sun moth changed into a swamp worm
 11504 | D:11     | Noticed a green ugly thing
 11530 | D:11     | Killed a green ugly thing
 11875 | D:11     | Received a gift from Okawaru
 12809 | D:12     | Noticed a manticore
 12827 | D:11     | Killed a manticore
 12952 | D:12     | Noticed a cyclops
 12965 | D:11     | Reached XP level 12. HP: 73/97 MP: 12/12
 13095 | D:12     | Reached skill level 10 in Dodging
 13108 | D:12     | Found a staircase to the Orcish Mines.
 13173 | D:12     | Received a gift from Okawaru
 13312 | D:12     | Noticed a boulder beetle
 13330 | D:12     | Killed a boulder beetle
 13331 | D:12     | Reached skill level 1 in Invocations
 13366 | D:12     | Noticed a yaktaur captain
 13370 | D:12     | Noticed a centaur warrior
 13370 | D:12     | Noticed a fire giant
 13384 | D:12     | Killed a centaur warrior
 13384 | D:12     | Reached ****** piety under Okawaru
 13384 | D:12     | Received a gift from Okawaru
 13396 | D:12     | Reached skill level 5 in Invocations
 13432 | D:11     | Acquired the +10 rapier "Acraeng" {flame, rF+ rN+}
 13432 | D:11     | Received a gift from Okawaru
 13450 | D:11     | Acquired the +5 ring mail of the Dungeon {rF++ Regen+ Str+2
                  | Int-2}
 13450 | D:11     | Received a gift from Okawaru
 13587 | Lair:1   | Entered Level 1 of the Lair of Beasts
 13825 | Lair:1   | Received a gift from Okawaru
 13847 | Lair:1   | Reached XP level 13. HP: 103/103 MP: 17/17
 13876 | Lair:1   | Reached skill level 11 in Short Blades
 14370 | Lair:2   | Received a gift from Okawaru
 14389 | Lair:2   | Found a gate leading to a gauntlet.
 14421 | Lair:2   | Reached skill level 12 in Short Blades
 14442 | Gauntlet | Entered a Gauntlet
 14442 | Gauntlet | Found a transporter.
 14442 | Gauntlet | Found a transporter.
 14442 | Gauntlet | Found a runed translucent door.
 14443 | Gauntlet | Found a runed translucent door.
 14444 | Gauntlet | Found a transporter.
 14444 | Gauntlet | Found a transporter.
 14448 | Gauntlet | Found a transporter.
 14448 | Gauntlet | Found a transporter.
 14484 | Gauntlet | Found a transporter.
 14488 | Gauntlet | Found a transporter.
 14500 | Gauntlet | Found a transporter.
 14516 | Gauntlet | Found a transporter.
 14520 | Gauntlet | Found a transporter.
 14540 | Gauntlet | Found a transporter.
 14828 | Gauntlet | Received a gift from Okawaru
 14829 | Gauntlet | Reached skill level 13 in Short Blades
 14901 | Gauntlet | Noticed a minotaur
 14910 | Gauntlet | Killed a minotaur
 14913 | Gauntlet | Identified the +7 morningstar "Uwkez" {freeze, ^Fragile
                  | rElec rN+ rCorr}
 15198 | Lair:2   | Noticed Feodghui's ghost (journeyman OnSh)
 15234 | Lair:2   | Found a transporter.
 15239 | Lair:2   | Found a bloodstained altar of Trog.
 15264 | Lair:2   | Received a gift from Okawaru
 15301 | Lair:2   | Found a transporter.
 15412 | Lair:2   | Found a hole to the Spider Nest.
 15415 | Lair:2   | Reached skill level 14 in Short Blades
 15440 | Lair:2   | Reached XP level 14. HP: 99/110 MP: 18/18
 15922 | Lair:2   | Found a staircase to the Shoals.
 16127 | Lair:2   | Acquired a hyperablative module {rElec Slay+3 Clar RMsl}
 16217 | Lair:3   | Received a gift from Okawaru
 16353 | Lair:3   | Noticed Snorg
 16357 | Lair:3   | Killed Snorg
 16591 | Lair:3   | Noticed Kirke
 16619 | Lair:3   | Killed Kirke
 16906 | Lair:4   | Found a runed translucent gate.
 16906 | Lair:4   | Found a runed translucent gate.
 16906 | Lair:4   | Found a runed translucent gate.
 16997 | Lair:4   | Identified the +1 robe of Ximutyun {+Inv Str-3 Stlth+}
 16999 | Lair:4   | Noticed jboons's ghost (journeyman MfFi)
 17190 | Lair:4   | Received a gift from Okawaru
 17197 | Lair:4   | Reached skill level 10 in Stealth
 17209 | Lair:4   | Reached skill level 1 in Armour
 17484 | Lair:4   | Identified the +4 broad axe "Hietry" {elec, rElec rF+ Int+2
                  | Dex+4}
 17996 | Lair:4   | Killed jboons's ghost
 18252 | Lair:4   | Found a viscous altar of Jiyva.
 18305 | Lair:5   | Entered Level 5 of the Lair of Beasts
 18329 | Lair:5   | Received a gift from Okawaru
 18330 | Lair:5   | Reached skill level 5 in Armour
 18415 | Lair:5   | Reached XP level 15. HP: 115/115 MP: 19/19
 18646 | Lair:5   | Received a gift from Okawaru
 19194 | Lair:5   | Identified the ring "Itazah" {rElec rC+ rCorr}
 19591 | Lair:2   | Killed Feodghui's ghost
 19740 | D:9      | Erolcha changed into Erolcha the ice beast
 19740 | D:9      | Noticed Erolcha
 19744 | D:9      | Killed Erolcha the ice beast
 19744 | D:9      | Received a gift from Okawaru
 20637 | D:11     | Killed jasper's ghost
 20863 | D:13     | Reached skill level 10 in Armour
 21360 | D:13     | Received a gift from Okawaru
 22014 | D:14     | Found Hawi's General Store.
 22024 | D:14     | Bought a scroll of teleportation for 51 gold pieces
 22119 | D:14     | Found a gate to the Vaults.
 22195 | D:14     | Identified the ring "Owkog" {rElec rCorr Str+4 Int-4}
 22353 | D:14     | Received a gift from Okawaru
 22757 | D:15     | Entered Level 15 of the Dungeon
 22972 | D:15     | Reached XP level 16. HP: 129/129 MP: 20/20
 23444 | D:15     | Found a staircase to the Depths.
 24149 | D:12     | Found a staircase to the Orcish Mines.
 24445 | Orc:1    | Entered Level 1 of the Orcish Mines
 24623 | Orc:1    | Found Vautusm's General Store.
 24789 | Orc:1    | Bought a scroll of teleportation for 45 gold pieces
 24789 | Orc:1    | Bought a scroll of identify for 30 gold pieces
 24797 | Orc:1    | Reached XP level 17. HP: 138/138 MP: 21/21
 24809 | Orc:2    | Entered Level 2 of the Orcish Mines
 24828 | Orc:2    | Received a gift from Okawaru
 24866 | Orc:2    | Found Imisas's Book Shop.
 24875 | Orc:2    | Found a staircase to the Elven Halls.
 25066 | Orc:2    | Found Jugg's Magic Scroll Emporium.
 25069 | Orc:2    | Bought a scroll of fog for 48 gold pieces
 25075 | Orc:2    | Bought a scroll of identify for 24 gold pieces
 25077 | Orc:2    | Identified a scroll of acquirement
 25078 | Orc:2    | Acquired a manual of Dodging
 25336 | Orc:2    | Found Fuihaer's Distillery.
 25336 | Orc:2    | Found Ovvuelyrgh's Armour Shop.
 25336 | Orc:2    | Found Tiota's General Store.
 25411 | Orc:2    | Found Ygurosk's Book Boutique.
 25579 | Orc:2    | Found Vergh's Book Shop.
 25755 | Orc:2    | Identified the -1 hat of Pleasant Breezes {Str+4}
 25843 | Orc:2    | Bought a potion of magic for 96 gold pieces
 25843 | Orc:2    | Bought a potion of mutation for 96 gold pieces
 25843 | Orc:2    | Bought a potion of mutation for 96 gold pieces
 25843 | Orc:2    | Bought a potion of curing for 36 gold pieces
 25843 | Orc:2    | Bought a potion of heal wounds for 60 gold pieces
 25845 | Orc:2    | Bought a potion of resistance for 130 gold pieces
 25845 | Orc:2    | Bought a potion of curing for 39 gold pieces
 25845 | Orc:2    | Bought a potion of curing for 39 gold pieces
 25849 | Orc:2    | Bought a +0 helmet for 72 gold pieces
 26088 | Spider:1 | Entered Level 1 of the Spider Nest
 26148 | Spider:1 | Reached skill level 15 in Fighting
 26344 | Spider:1 | Noticed Louise
 26352 | Spider:1 | Received a gift from Okawaru
 26360 | Spider:1 | Killed Louise
 26527 | Spider:1 | Noticed Donald
 26529 | Spider:1 | Killed Donald
 26574 | Spider:1 | Identified the dragon-blood talisman "Effed" {rF++}
 27322 | Spider:2 | Received a gift from Okawaru
 27460 | Spider:2 | Reached XP level 18. HP: 145/149 MP: 22/22
 28666 | Spider:3 | Noticed Nikola
 28694 | Spider:3 | Killed Nikola
 28924 | Spider:3 | Received a gift from Okawaru
 29683 | Spider:4 | Entered Level 4 of the Spider Nest
 29825 | Spider:4 | Reached skill level 15 in Stealth
 29920 | Spider:4 | Received a gift from Okawaru
 30161 | Spider:4 | Noticed Asterion
 30215 | Spider:4 | Killed Asterion
 30351 | Spider:4 | Got a gossamer rune of Zot
 30508 | Spider:4 | Identified the serpent talisman "Nanuapt" {rF+ rC- Will+}
 30508 | Spider:4 | Noticed Aizul
 30518 | Spider:4 | Killed Aizul
 30612 | Spider:4 | Identified the +0 ring mail of Broken Taboos {rElec rN+
                  | Str+3}
 30740 | Spider:4 | Noticed Agnes
 30747 | Spider:4 | Killed Agnes
 30876 | Spider:4 | Received a gift from Okawaru
 31320 | Shoals:1 | Entered Level 1 of the Shoals
 31416 | Shoals:1 | Reached XP level 19. HP: 159/159 MP: 23/23
 31634 | Shoals:1 | Reached skill level 5 in Throwing
 31717 | Shoals:1 | Found Zida's Antique Armour Shoppe.
 31739 | Shoals:1 | Bought a steaming ring mail for 243 gold pieces
 31739 | Shoals:1 | Identified the +1 ring mail of Wariness {rN+ Str+4 Int-3}
                  | (You bought it in a shop on level 1 of the Shoals)
 31739 | Shoals:1 | Bought a pair of scorched gloves for 256 gold pieces
 31739 | Shoals:1 | Identified the +1 pair of gloves "Yhotsuf" {Harm Will+
                  | Str+4 Slay+3} (You bought it in a shop on level 1 of the
                  | Shoals)
 31739 | Shoals:1 | Bought an ancient cloak for 256 gold pieces
 31739 | Shoals:1 | Identified the +4 cloak "Geasch" {+Inv rC+ Regen+} (You
                  | bought it in a shop on level 1 of the Shoals)
 31877 | Shoals:4 | Entered Level 4 of the Shoals
 31881 | Shoals:4 | Received a gift from Okawaru
 32159 | Shoals:4 | Received a gift from Okawaru
 32284 | Shoals:4 | Got a barnacled rune of Zot
 32286 | Shoals:4 | Got an azure gem with 981 turns to spare
 32544 | Shoals:3 | Found Qebull Voul's Weapon Shoppe.
 32581 | Shoals:3 | Gained mutation: You have a pair of small horns on your
                  | head. [a shining eye]
 32641 | Shoals:3 | Found a runed translucent door.
 32641 | Shoals:3 | Found a shimmering altar of Xom.
 32641 | Shoals:3 | Noticed Weulukh's ghost (adept GrEE)
 32658 | Shoals:3 | Killed Weulukh's ghost
 33313 | Elf:1    | Entered Level 1 of the Elven Halls
 33315 | Elf:1    | Received a gift from Okawaru
 33318 | Elf:1    | Reached XP level 20. HP: 174/174 MP: 24/24
 33326 | Elf:1    | Found a radiant altar of Vehumet.
 33730 | Elf:1    | Got the Compendium of Combat Magic
 33900 | Elf:1    | Received a gift from Okawaru
 34625 | Elf:2    | Noticed Zenata
 34647 | Elf:2    | Killed Zenata
 34686 | Elf:2    | Found a radiant altar of Vehumet.
 34849 | Elf:2    | Received a gift from Okawaru
 34876 | Elf:2    | Found a portal to a secret trove of treasure.
 34901 | Elf:2    | Found a runed translucent gate.
 34901 | Elf:2    | Found a runed translucent gate.
 34901 | Elf:2    | Found a runed translucent gate.
 34947 | Elf:2    | Identified the +6 mace of Wuch {flame, Str+3 SInv}
 35312 | Elf:2    | Identified the blade talisman of the Harvest {rN+ Str+2
                  | Dex+2}
 35382 | Elf:2    | Received a gift from Okawaru
 35623 | Elf:3    | Entered Level 3 of the Elven Halls
 36073 | Elf:3    | Found a flickering gateway to a bazaar.
 36136 | Bazaar   | Entered a bazaar
 36136 | Bazaar   | Found Jytisor's General Store.
 36136 | Bazaar   | Found Xelath's General Store.
 36136 | Bazaar   | Found Juur's General Store.
 36136 | Bazaar   | Found Huarchue's General Store.
 36136 | Bazaar   | Found Nobus's Assorted Antiques.
 36158 | Bazaar   | Bought a scroll of blinking for 60 gold pieces
 36158 | Bazaar   | Bought a scroll of enchant armour for 60 gold pieces
 36158 | Bazaar   | Bought a potion of mutation for 64 gold pieces
 36158 | Bazaar   | Bought a potion of heal wounds for 40 gold pieces
 36160 | Bazaar   | Bought a scroll of teleportation for 27 gold pieces
 36162 | Bazaar   | Bought a scroll of enchant armour for 90 gold pieces
 36162 | Bazaar   | Bought a potion of haste for 120 gold pieces
 36164 | Bazaar   | Bought a potion of invisibility for 184 gold pieces
 36170 | Bazaar   | Bought a potion of haste for 70 gold pieces
 36180 | Bazaar   | Bought a scroll of immolation for 48 gold pieces
 36182 | Bazaar   | Bought a scroll of immolation for 36 gold pieces
 36184 | Bazaar   | Bought a scroll of immolation for 32 gold pieces
 36186 | Bazaar   | Bought a potion of mutation for 184 gold pieces
 36334 | Elf:3    | Reached XP level 21. HP: 172/172 MP: 25/25
 36465 | Elf:3    | Received a gift from Okawaru
 36632 | Elf:3    | Identified the +0 chain mail "Mycaw" {Harm rN+ Will+}
 36632 | Elf:3    | Identified the ring "Gomn" {rElec rC+ rCorr Dex-2 Slay+3}
 36713 | Elf:3    | Identified the +2 robe "Orathofa" {rElec}
 36726 | Elf:3    | Identified the +0 spear of Rip Pyes {flame, rElec Will+
                  | Str+2}
 36741 | Elf:3    | Got the Codex of the Caustic Brume
 36743 | Elf:3    | Identified the staff "Jyder" {Dex+3 Conj}
 36979 | Elf:3    | Reached skill level 15 in Armour
 37372 | Vaults:1 | Entered Level 1 of the Vaults
 37425 | Vaults:1 | Received a gift from Okawaru
 37996 | Vaults:1 | Found Qylaenka's Armour Shoppe.
 38088 | Vaults:1 | Received a gift from Okawaru
 38103 | Vaults:1 | Reached skill level 15 in Dodging
 38854 | Vaults:2 | Found Romeitac's Magic Scroll Emporium.
 38859 | Vaults:2 | Bought a scroll of teleportation for 42 gold pieces
 38859 | Vaults:2 | Bought a scroll of teleportation for 42 gold pieces
 38859 | Vaults:2 | Bought a scroll of blinking for 105 gold pieces
 38859 | Vaults:2 | Bought a scroll of teleportation for 42 gold pieces
 38908 | Vaults:2 | Received a gift from Okawaru
 39171 | Vaults:2 | Noticed Saint Roka
 39189 | Vaults:2 | Killed Saint Roka
 39771 | Vaults:2 | Reached XP level 22. HP: 167/190 MP: 26/26
 39794 | Vaults:2 | Identified the +0 pair of gloves of Hadjma {rF+ rC+ rCorr}
 40256 | Vaults:2 | Acquired a manual of Stealth
 40643 | Vaults:3 | Received a gift from Okawaru
 41315 | Vaults:3 | Identified the +0 plate armour "Soleonia" {*Corrode Fly
                  | Slay+2}
 41684 | Vaults:3 | Found a staircase to the Crypt.
 41714 | Vaults:3 | Received a gift from Okawaru
 42257 | Vaults:4 | Received a gift from Okawaru
 42402 | Vaults:4 | Reached skill level 15 in Short Blades
 42790 | Vaults:4 | Received a gift from Okawaru
 42886 | Vaults:4 | Reached XP level 23. HP: 75/203 MP: 27/27
 43051 | Vaults:4 | Found a runed translucent gate.
 43051 | Vaults:4 | Found a runed translucent gate.
 43051 | Vaults:4 | Found a runed translucent gate.
 43053 | Vaults:4 | Noticed Yhagabbo's ghost (adept DrCj)
 43054 | Vaults:4 | Found an iron altar of Okawaru.
 43062 | Vaults:4 | Reached skill level 16 in Short Blades
 43112 | Vaults:4 | Killed Yhagabbo's ghost
 43134 | Vaults:4 | Identified the +3 ring mail of Midsummer {rPois Int+3}
 43435 | Vaults:4 | Received a gift from Okawaru
 43443 | Vaults:4 | Reached skill level 17 in Short Blades
 43503 | Vaults:4 | Paralysed by a formless jellyfish for 1 turns
 43749 | Vaults:5 | Entered Level 5 of the Vaults
 43888 | Vaults:5 | Identified the staff "Hepp" {rElec rF+ Str+4 Earth}
 43915 | Vaults:5 | Got a silver rune of Zot
 43953 | Vaults:5 | Reached skill level 18 in Short Blades
 43962 | Vaults:5 | Identified the +6 lajatang "Zowni" {heavy, rPois rF- rC+}
 44110 | Vaults:5 | Received a gift from Okawaru
 44336 | Vaults:5 | Reached skill level 19 in Short Blades
 44415 | Vaults:5 | Received a gift from Okawaru
 44480 | Vaults:5 | Identified the amulet of the Ban {Faith rF+++ Slay+4}
 44548 | Vaults:5 | Reached XP level 24. HP: 210/210 MP: 27/27
 44556 | Vaults:5 | Identified the ring of Oschovig {rN++ MP+9}
 44657 | Vaults:5 | Received a gift from Okawaru
 44764 | Vaults:5 | Reached skill level 20 in Short Blades
 44779 | Vaults:5 | Identified the +8 whip "Nowkir" {pain, Int+3}
 45025 | Vaults:5 | Identified the +0 ring mail of Okawaru's Displeasure {rC+
                  | SInv}
 46341 | Depths:1 | Entered Level 1 of the Depths
 46457 | Depths:1 | Found a flickering gateway to a bazaar.
 46476 | Bazaar   | Entered a bazaar
 46476 | Bazaar   | Found Cucsuphuo's General Store.
 46476 | Bazaar   | Found Verustaif's Book Shoppe.
 46476 | Bazaar   | Found Iges's Antique Weapon Emporium.
 46476 | Bazaar   | Found Hoabo's Magic Scroll Emporium.
 46490 | Bazaar   | Bought a scroll of acquirement for 624 gold pieces
 46490 | Bazaar   | Bought a scroll of acquirement for 624 gold pieces
 46490 | Bazaar   | Bought a scroll of fear for 48 gold pieces
 46490 | Bazaar   | Bought a scroll of revelation for 90 gold pieces
 46490 | Bazaar   | Bought a scroll of teleportation for 36 gold pieces
 46508 | Bazaar   | Bought a scroll of immolation for 48 gold pieces
 46512 | Bazaar   | Acquired 410 gold pieces
 46514 | Bazaar   | Acquired the +8 arc blade {discharge, rElec}
 46514 | Bazaar   | Found the +8 arc blade {discharge, rElec}
 46550 | Depths:1 | Received a gift from Okawaru
 46590 | Depths:1 | Found a gateway to Hell.
 47449 | Depths:2 | Identified the +2 dagger "Rummage" {drain, rElec Will+
                  | Int+3 Stlth-}
 47671 | Depths:2 | Found a one-way gate leading to the halls of Pandemonium.
 48107 | Depths:2 | Received a gift from Okawaru
 48521 | Depths:2 | Got the Octavo of Differential Nonlocality
 48663 | Depths:2 | Reached XP level 25. HP: 98/217 MP: 27/27
 48748 | Depths:2 | Received a gift from Okawaru
 48803 | Depths:3 | Noticed the Enchantress
 48831 | Depths:3 | Killed the Enchantress
 49179 | Depths:3 | Identified the +4 ring mail "Xosos" {Dex+2}
 49212 | Depths:3 | Found a radiant altar of Vehumet.
 49381 | Depths:3 | Found a corrupted altar of Lugonu.
 50170 | Depths:3 | Found a runed translucent door.
 50185 | Depths:3 | Received a gift from Okawaru
 50263 | Depths:3 | Noticed a juggernaut
 50279 | Depths:3 | Killed a juggernaut
 50300 | Depths:3 | Identified the ring "Rirphil" {Ice rElec rPois Str+3 Int+4}
 50323 | Depths:3 | Identified the ring "Xyobryru" {rPois rC+ Int+6 Stlth-}
 50368 | Depths:3 | Identified the ring of the Shining Light {rN+ Str+4 Int-4}
 50370 | Depths:3 | Identified the ring of Grace {rC+ Int+6 Dex+5 Slay-5}
 50582 | Depths:4 | Entered Level 4 of the Depths
 50709 | Depths:4 | Found a one-way gateway to a ziggurat.
 50801 | Depths:4 | Received a gift from Okawaru
 51036 | Depths:4 | Found a gate to the Realm of Zot.
 51179 | Depths:4 | Received a gift from Okawaru
 52355 | Lair:4   | Found a staircase to the Slime Pits.
 52397 | Slime:1  | Entered Level 1 of the Pits of Slime
 52416 | Slime:2  | Reached XP level 26. HP: 224/224 MP: 27/27
 52616 | Slime:5  | Entered Level 5 of the Pits of Slime
 52670 | Slime:5  | Received a gift from Okawaru
 52813 | Slime:5  | Noticed the Royal Jelly
 52830 | Slime:5  | Killed the Royal Jelly
 52895 | Slime:5  | Received a gift from Okawaru
 52934 | Slime:5  | Identified the +13 plate armour "Yrhololl" {SInv}
 52950 | Slime:5  | Identified the ring of Dawn {rElec rCorr Str+4 Int+6
                  | Stlth-}
 52956 | Slime:5  | Got a slimy rune of Zot
 52958 | Slime:5  | Got a starry gem with 285 turns to spare
 52970 | Slime:5  | Got the Incunabulum of Moving Causimancy
 53513 | Elf:2    | You paid a toll of +4 fire dragon scales to enter a
                  | treasure trove
 53514 | Trove    | Entered a treasure trove
 53516 | Trove    | Found a bloodstained altar of Trog.
 53541 | Trove    | Found the +8 pair of quick blades "Gyre" and "Gimble"
                  | {protect}
 53548 | Trove    | Identified the +5 bardiche of Karma {freeze, Int+2 Stlth+}
 53549 | Trove    | Identified the +4 longbow "Qecresal" {elec, ^Contam rPois
                  | rN+++ Dex+4}
 53567 | Trove    | Found the +7 sceptre of Torment {pain, torment}
 53574 | Trove    | Identified the +5 flail of Daagg {flame, +Blink Str+2}
 53577 | Trove    | Identified the +6 sling "Ciaq" {flame, Dex+5}
 53987 | Depths:3 | Voluntarily entered the Abyss.
 54173 | Abyss:2  | Found a corrupted altar of Lugonu.
 54441 | Abyss:3  | Got an abyssal rune of Zot
 54522 | Depths:3 | Escaped the Abyss
 54762 | Zot:1    | Entered Level 1 of the Realm of Zot
 55745 | Zot:2    | Received a gift from Okawaru
 55746 | Zot:2    | Reached XP level 27. HP: 175/231 MP: 27/27
 55916 | Zot:2    | Identified the +3 rapier of Popular Demand {flame, ^Fragile
                  | Str+4 Int+5}
 55920 | Zot:2    | Identified the ring of Macoxtunu {Fly Will+ rCorr Dex+3}
 55938 | Zot:2    | Reached skill level 21 in Short Blades
 55966 | Zot:2    | Received a gift from Okawaru
 56087 | Zot:2    | Found an ancient bone altar of Kikubaaqudgha.
 56530 | Zot:3    | Found a runed translucent door.
 56534 | Zot:3    | Noticed Herr's ghost (veteran MiBe)
 56541 | Zot:3    | Killed Herr's ghost
 56549 | Zot:3    | Identified the ring "Trusted Companion" {Wiz rF+ rC+ MP+9}
 57416 | Zot:3    | Noticed a dread lich
 57416 | Zot:3    | Noticed a dread lich
 57424 | Zot:3    | Noticed a dread lich
 57424 | Zot:3    | Noticed a dread lich
 57426 | Zot:3    | Killed a dread lich
 57429 | Arena    | Entered the Arena
 57435 | Arena    | Killed a dread lich
 57436 | Arena    | Reached skill level 22 in Short Blades
 57442 | Zot:3    | Noticed a dread lich
 57446 | Zot:3    | Killed a dread lich
 57449 | Zot:3    | Noticed a dread lich
 57452 | Zot:3    | Killed a dread lich
 57469 | Zot:3    | Killed a dread lich
 57472 | Zot:3    | Received a gift from Okawaru
 57473 | Zot:3    | Noticed a dread lich
 57479 | Zot:3    | Killed a dread lich
 57480 | Zot:3    | Gained mutation: Your spells are a little easier to cast,
                  | but a little less powerful. [mutagenic glow]
 57503 | Zot:3    | Killed a dread lich
 57643 | Zot:4    | Identified the +1 ring mail of the Scribe {rF++ Str+3}
 57929 | Zot:4    | Reached skill level 23 in Short Blades
 58424 | Zot:5    | Entered Level 5 of the Realm of Zot
 58466 | Zot:5    | Received a gift from Okawaru
 58521 | Zot:5    | Found a large runed translucent door.
 58521 | Zot:5    | Found a large runed translucent door.
 58639 | Zot:5    | Noticed cordlesssteve's ghost (legendary MiHu)
 58744 | Zot:5    | Killed cordlesssteve's ghost
 58804 | Zot:5    | Noticed an ancient lich
 58810 | Zot:5    | Killed an ancient lich
 58816 | Zot:5    | HP: 5/231 [Orb Guardian (27)]
 58971 | Zot:5    | Noticed an orb of fire
 58993 | Zot:5    | Killed an orb of fire
 59018 | Zot:5    | Noticed a dread lich
 59027 | Zot:5    | Noticed a dread lich
 59040 | Zot:5    | Killed a dread lich
 59040 | Zot:5    | Received a gift from Okawaru
 59049 | Zot:5    | Killed a dread lich
 59068 | Zot:5    | Noticed an ancient lich
 59082 | Zot:5    | Killed an ancient lich
 59175 | Zot:5    | Reached skill level 10 in Invocations
 59184 | Zot:5    | Noticed a dread lich
 59194 | Zot:5    | Killed a dread lich
 59204 | Zot:5    | Noticed a dread lich
 59207 | Zot:5    | Noticed an orb of fire
 59209 | Zot:5    | Noticed an ancient lich
 59218 | Zot:5    | Noticed an ancient lich
 59219 | Zot:5    | Killed a dread lich
 59219 | Zot:5    | Received a gift from Okawaru
 59231 | Zot:5    | Killed an orb of fire
 59238 | Zot:5    | Killed an ancient lich
 59241 | Zot:5    | Killed an ancient lich
 59457 | Zot:5    | Noticed a dread lich
 59465 | Zot:5    | Killed a dread lich
 60098 | Zot:5    | Got the Orb of Zot
 60803 | D:$      | Escaped with the Orb!

Illustrated notes

Levels and vault maps discovered:
D:1:      dpeg_arrival_boxorama, layout_rooms, hangedman_decor_clover_reticule
D:2:      minmay_chambers_of_ones, layout_loops_ring, basic_altar,
          kennysheep_nondescript, chequers_serial_rivers_micro_e
D:3:      layout_rooms, st_stairs_3, minmay_divided_ellipse, uniq_natasha,
          uniq_jessica, uniq_sigmund
D:4:      layout_loops_cross, yredelemnul_forgotten_temple_becter, led_sif_book,
          minmay_temple_entry_gardened_gates, gammafunk_ghost_abyssal_escape,
          kennysheep_dice
D:5:      layout_rooms, reono_crystal_passage, uniq_edmund, uniq_pikel
D:6:      layout_cave_pools, nicolae_ru_great_annihilating_truth,
          kennysheep_minor_cross, minmay_misc_feat_room
D:7:      layout_loops_cross, trog_hazing_becter, minmay_starry_boxes
D:8:      layout_cave_pools, slow_altar_2, david_lair_shrubbed, lightli_minifort
D:9:      layout_long_grid, kennysheep_generic_room_15, uniq_joseph,
          uniq_erolcha, uniq_jeremiah
D:10:     layout_loops_ring, enter_bailey_6, dk_vineyard_3, nicolae_wwwww,
          kennysheep_generic_room_5
D:11:     layout_gridville, ebering_ghost_gozag
D:12:     regret_index_combs_of_tragedy, layout_gridville, david_orc_3,
          serial_library_hellmonk_small_corner
D:13:     layout_stronghold
D:14:     layout_irregular_city, erik_vaults_1, grunt_decor_one_mirror,
          serial_shops, nicolae_lakefront_shop
D:15:     grunt_enter_depths_snipers, layout_loops_ring,
          roderic_cross_of_infinity
Lair:1:   layout_hall_layers
Lair:2:   layout_regular_city, elwin_shoals_entry_stream,
          hellmonk_spider_entry_not_the_bees, gauntlet_entry_generic,
          gammafunk_ghost_wrathful_warriors, infiniplex_staircase_pool_2,
          grunt_megastairs_5
Lair:3:   layout_hall_layers, fungi_pond_lemuel, uniq_snorg, uniq_kirke
Lair:4:   layout_small_grid, minmay_slime_entry_oklob_enclosed,
          gammafunk_ghost_icy
Lair:5:   minmay_lair_end_enchanted_forest, layout_small_grid,
          nicolae_lair_yak_garden, grunt_megastairs_4
Shoals:1: layout_shoals, serial_shops, nicolae_shop_peninsula, abandoned_shop
Shoals:2: layout_shoals, nicolae_shoals_beach_house_on_fowls_legs
Shoals:3: layout_shoals, serial_shops, shop, ebering_ghost_xom, yaktaur_hedge
Shoals:4: shoals_end_simple, layout_shoals, abandoned_shop
Spider:1: layout_spider_delve, nicolae_spider_nook, uniq_louise, uniq_donald
Spider:2: layout_cave_pods
Spider:3: layout_chambers, uniq_nikola
Spider:4: grunt_spider_rune_circles, uniq_asterion, uniq_agnes, uniq_aizul
Slime:1:  layout_caves
Slime:2:  layout_caves, nicolae_slime_getting_an_eyeful
Slime:3:  layout_caves
Slime:4:  nicolae_slime_infinislime, layout_caves,
          nicolae_slime_welcoming_committee
Slime:5:  slime_pit_nicolae_royal_road_to_ruin
Orc:1:    layout_caves, serial_shops, nicolae_shop_tiny_glass
Orc:2:    st_orc_mages, layout_diamond_mine, serial_shops,
          nicolae_shop_tiny_statue_garden, nicolae_shop_rolled_up,
          nicolae_lakefront_shop, hangedman_minor_magic
Elf:1:    eino_elf_arrival_altar, layout_onion_city, minmay_elf_annihilation
Elf:2:    elven_hall_of_blades_hangedman_original [nicolae_blade_bullseye],
          layout_onion_city, basic_altar, nicolae_trove_entry_crystal,
          uniq_zenata
Elf:3:    minmay_elf_hall_circle, layout_gridlike, serial_shops,
          bzr_entry_islet, fountainhead
Vaults:1: nicolae_vaults_doubleplus_tesselated, v_misc_24,
          nicolae_vaults_bisected_inception, hangedman_vaults_pinch,
          nicolae_vaults_offset_grid_hallway_2, vaults_room_semicircle,
          nicolae_vaults_little_ls, v_misc_10,
          nicolae_vaults_taking_the_gang_shopping,
          nicolae_vaults_little_squares_2, nicolae_vaults_trapezoid_4,
          vaults_room_corners, ontoclasm_vaults_hangar, layout_vaults_big_room
Vaults:2: v_misc_30, ontoclasm_vaults_spin, nicolae_vaults_big_ls,
          nicolae_vaults_security_offices_5, nicolae_vaults_tetromino_Z_1,
          vaults_room_door_ring, nicolae_vaults_little_squares_1, v_misc_15,
          v_misc_3, layout_vaults_omnigrid, serial_shops, shop, uniq_saint_roka
Vaults:3: st_octagons_1, minmay_crypt_entry_simple_box,
          nicolae_vaults_back_hallway, hangedman_vaults_maws,
          nicolae_vaults_door_testing_chamber, v_alt_pattern_6, v_misc_28,
          vaults_mumra_minichess_inversion, grunt_vaults_bifocal,
          nicolae_vaults_wine_cellar, nicolae_vaults_house_2,
          layout_vaults_omnicross
Vaults:4: gammafunk_ghost_fury_of_okawaru,
          serial_library_hellmonk_reading_circle,
          nicolae_vaults_more_shelving_1, nicolae_vaults_offset_grid_hallway_2,
          nicolae_vaults_frosty_reception, nicolae_vaults_more_shelving_2,
          nicolae_vaults_variable_pillar_hall, nicolae_vaults_theta,
          v_pattern_3, nicolae_vaults_storage_closets_3,
          nicolae_vaults_hallways_thing, nicolae_vaults_house_3, v_rooms_1,
          vaults_dpeg_diagonal, nicolae_vaults_trapezoid_1,
          layout_vaults_maze_bifur
Vaults:5
Depths:1: layout_basic, pf_coc_iceberg, chequers_serial_rivers_large_a,
          serial_shops, freezing_bzr, kennysheep_generic_room_14
Depths:2: nzn_winding_woodlands_stair_cross [nzn_winding_woodlands_5x15_eye,
          nzn_winding_woodlands_center_diamonds,
          nzn_winding_woodlands_5x15_crooked,
          nzn_winding_woodlands_5x5_open_star,
          nzn_winding_woodlands_5x5_default,
          nzn_winding_woodlands_5x15_longhouse,
          nzn_winding_woodlands_center_pierced_h,
          nzn_winding_woodlands_5x15_sawtooth], layout_honeycomb, hell_entry,
          minmay_misc_feat_rugged, rand_demon_pan_entry_1
Depths:3: minmay_the_grid_triangle_9x9_recursive_3
          [minmay_the_grid_triangle_9x9_corruption,
          minmay_the_grid_triangle_9x9_subtriangle,
          minmay_the_grid_triangle_9x9_limited_checkers,
          minmay_the_grid_triangle_9x9_prize_special,
          minmay_the_grid_triangle_9x9_zippers_horizontal,
          minmay_the_grid_triangle_9x9_sprig,
          minmay_the_grid_triangle_9x9_alien,
          minmay_the_grid_triangle_9x9_descending_squares,
          minmay_the_grid_triangle_9x9_wacky_v], layout_long_grid,
          fiery_altar_vehumet, grunt_pan_entry_zigzag, abyss_entry_flame_altar,
          hell_entry, lemuel_flames_and_gold, infiniplex_staircase_zigzag_3,
          uniq_enchantress
Depths:4: grunt_crosshair, layout_basic, enter_ziggurat_f,
          rand_demon_pan_entry_4, minmay_misc_feat_plants, hell_entry,
          wad_floor_pattern_1, lightli_fourway_metalbox, grunt_megastairs_3
Zot:1:    layout_misc_corridors
Zot:2:    cheibrodos_zot_enchanting_chambers, layout_onion_interference,
          basic_altar, regret_index_zotdec_golden_two_three,
          st_large_dragon_hoard_1
Zot:3:    hellmonk_paralyzer, layout_basic, regret_index_zotdec_split_disrupt,
          gammafunk_ghost_grave, st_stairs_10, drop_trap
Zot:4:    layout_basic
Zot:5:    layout_misc_corridors, ebering_ghost_disaster_area,
          grunt_ministairs_11, skrybe_zot_glass_2

Skill      XL: |  1  2  3  4  5  6  7  8  9 10 11 12 13 14 15 16 17 18 19 20 21 22 23 24 25 26 27 |
---------------+----------------------------------------------------------------------------------+-----
Short Blades   | 3 4 5 6 8 10 14 15 19 20 23 | 23.7
Fighting       | 4 5 6 10 12 13 15 16 19 20 22 | 22.0
Evocations     | 6 |  6.0
Stealth        | 2 3 5 6 10 12 15 18 20 | 20.0
Dodging        | 4 9 11 12 17 20 | 20.0
Throwing       | 3 8 |  8.0
Invocations    | 6 12 | 12.0
Armour         | 6 10 13 15 16 20 | 20.0

Action                     |  1- 3 |  4- 6 |  7- 9 | 10-12 | 13-15 | 16-18 | 19-21 | 22-24 | 25-27 || total
---------------------------+-------+-------+-------+-------+-------+-------+-------+-------+-------++-------
  Melee: Short sword       |   130 |   146 |   388 |   610 |   808 |       |       |       |       ||  2082
         Dagger            |    25 |       |   469 |   853 |       |       |       |       |       ||  1347
         Rapier            |       |       |       |    83 |  1279 |  1878 |  2056 |  2522 |  3474 || 11292
         Headbutt          |       |       |       |       |       |       |   239 |   582 |   810 ||  1631
  Throw: Dart              |       |    10 |     4 |    36 |       |       |       |       |     1 ||    51
         Boomerang         |       |       |       |     9 |     7 |     8 |    21 |       |    19 ||    64
         Throwing net      |       |       |       |       |       |     2 |       |     1 |     2 ||     5
 Invoke: Heroism           |       |     3 |     3 |     4 |     1 |     1 |       |       |     6 ||    18
         Receive Weapon    |       |       |       |     1 |       |       |       |       |       ||     1
         Receive Armour    |       |       |       |     1 |       |       |       |       |       ||     1
         Finesse           |       |       |       |       |     2 |     2 |     3 |     2 |    13 ||    22
         Duel              |       |       |       |       |       |       |       |       |     1 ||     1
Ability: Invent Gizmo      |       |       |       |       |     1 |       |       |       |       ||     1
  Evoke: Wand              |       |     2 |     6 |     8 |     4 |     2 |     1 |       |     1 ||    24
         Phial of floods   |       |       |       |       |       |       |     1 |       |       ||     1
    Use: Scroll            |     1 |     5 |     7 |    10 |    22 |     4 |     6 |     8 |     9 ||    72
         Potion            |       |       |       |     3 |     1 |     4 |     6 |     1 |    15 ||    30
   Stab: Sleeping          |       |       |     7 |    16 |    20 |    34 |    49 |    45 |    51 ||   222
         Invisible         |       |       |     1 |    30 |     4 |       |       |       |       ||    35
         Paralysed         |       |       |     1 |       |       |       |       |       |       ||     1
         Distracted        |       |       |       |     2 |       |     6 |     7 |     7 |     5 ||    27
         Petrifying        |       |       |       |       |     1 |       |       |       |       ||     1
         Held in net/web   |       |       |       |       |       |     1 |       |     1 |     3 ||     5
         Fleeing           |       |       |       |       |       |       |     1 |       |       ||     1
 Armour: Robe              |    42 |       |       |       |       |       |       |       |       ||    42
         Ring mail         |    22 |    26 |   214 |   235 |   425 |   600 |   444 |   417 |   544 ||  2927
         Scale mail        |       |       |    15 |       |       |       |       |       |       ||    15
         Acid dragon scale |       |       |       |   127 |       |       |       |       |    55 ||   182
         Chain mail        |       |       |       |       |    13 |       |       |       |       ||    13
  Dodge: Dodged            |    68 |    41 |   173 |   468 |   562 |   694 |   716 |   730 |  1056 ||  4508
         Repelled          |       |       |       |       |     8 |    11 |    62 |    57 |    86 ||   224

Table legend: (Time is in decaauts)
 A = Elapsed time spent in this place.
 B = Non-inter-level travel time spent in this place.
 C = Inter-level travel time spent in this place.
 D = Time resting spent in this place.
 E = Time spent auto-exploring this place.
 F = Levels seen in this place.
 G = Mean time per level.
                   A        B        C        D        E       F      G
               +--------+--------+--------+--------+--------+-----+--------+
         Total |  56180 |  51036 |   5144 |   2702 |  31707 |  61 |  921.0 |
       Dungeon |  18445 |  16250 |   2195 |   1416 |  10348 |  15 | 1229.7 |
          Lair |   5538 |   4804 |    734 |    164 |   3284 |   5 | 1107.6 |
        Shoals |   1538 |   1486 |     52 |      0 |    203 |   4 |  384.5 |
   Spider Nest |   4752 |   4492 |    260 |    380 |   3127 |   4 | 1188.0 |
    Slime Pits |    451 |    451 |      0 |      0 |      0 |   5 |   90.2 |
  Orcish Mines |   1515 |   1225 |    290 |      0 |    846 |   2 |  757.5 |
   Elven Halls |   3793 |   3475 |    318 |     77 |   2225 |   3 | 1264.3 |
        Vaults |   8095 |   7743 |    352 |    223 |   4892 |   5 | 1619.0 |
        Depths |   5500 |   4862 |    638 |    161 |   3353 |   4 | 1375.0 |
           Zot |   4915 |   4613 |    302 |    110 |   3353 |   5 |  983.0 |
         Abyss |    469 |    469 |      0 |      0 |      0 |   3 |  156.3 |
        Bazaar |    107 |    107 |      0 |      0 |     23 |   2 |   53.5 |
         Trove |     77 |     77 |      0 |      0 |      0 |   1 |   77.0 |
        Bailey |    458 |    458 |      0 |    171 |      0 |   1 |  458.0 |
      Gauntlet |    510 |    510 |      0 |      0 |     51 |   1 |  510.0 |
         Arena |      8 |      8 |      0 |      0 |      0 |   1 |    8.0 |
               +--------+--------+--------+--------+--------+-----+--------+

Top non-repeatable levels by time:
Vaults:5: 2057 daAuts
Depths:3: 1829 daAuts
    D:11: 1783 daAuts
Vaults:2: 1679 daAuts
  Lair:4: 1677 daAuts
     D:9: 1657 daAuts
Vaults:3: 1542 daAuts
    D:10: 1539 daAuts
     D:8: 1489 daAuts
   Zot:5: 1475 daAuts
Vaults:4: 1436 daAuts
Spider:2: 1424 daAuts
Spider:3: 1405 daAuts
    D:13: 1388 daAuts
Vaults:1: 1380 daAuts
